 Dungeon Crawl Stone Soup version 0.20.1-1-g8b1a95d (webtiles) character file.

1578 Jazqa the Spear-Bearer (level 8, -1/65 HPs)
             Began as a Merfolk Fighter on Oct 28, 2017.
             Was a Believer of Dithmenos.
             Slain by an orc warrior
             ... wielding a +2 hand axe of freezing
              (2 damage)
             ... on level 8 of the Dungeon.
             The game lasted 00:09:24 (4805 turns).

Jazqa the Spear-Bearer (Merfolk Fighter)            Turns: 4805, Time: 00:09:24

Health: -1/65      AC:  8    Str: 17    XL:     8   Next: 91%
Magic:  0/8        EV: 15    Int:  8    God:    Dithmenos [**....]
Gold:   148        SH:  9    Dex: 14    Spells: 7/7 levels left

rFire    + . .     SeeInvis .   a - +0 trident
rCold    . . .     Gourm    .   c - +0 shield
rNeg     . . .     Faith    .   b - +0 scale mail
rPois    .         Spirit   +   e - +0 helmet
rElec    .         Reflect  .   (no cloak)
rCorr    .         Harm     .   (no gloves)
MR       .....                  (no boots)
Stlth    ..........             G - amulet of guardian spirit
Regen    0.2/turn               E - +4 ring of evasion
MPRegen  0.2/turn               F - ring of protection from fire

@: wreathed by umbra
A: change form in water, swift swim, stealthy swim
a: Shadow Step, Renounce Religion


You were on level 8 of the Dungeon.
You worshipped Dithmenos.
Dithmenos was pleased with you.
You were not hungry.

You visited 1 branch of the dungeon, and saw 7 of its levels.

You collected 148 gold pieces.


   Skills:
 + Level 6.9 Fighting
 + Level 8.3 Polearms
 + Level 4.6 Armour
 + Level 6.6 Dodging
 - Level 1.0 Stealth
 - Level 3.0 Shields


You had 7 spell levels left.
You didn't know any spells.

Inventory:

Hand Weapons
 a - a +0 trident (weapon)
Missiles
 l - a throwing net {=f}
Armour
 b - a +0 scale mail (worn)
 c - a +0 shield (worn)
 e - a +0 helmet (worn)
Jewellery
 C - an uncursed ring of ice
 E - a +4 ring of evasion (left hand)
 F - a ring of protection from fire (right hand)
 G - an amulet of guardian spirit (around neck)
Wands
 d - a wand of enslavement (12/24)
 i - a wand of paralysis (8/24)
Scrolls
 h - 2 scrolls of enchant armour {unknown}
 j - 4 scrolls of recharging
 m - 2 scrolls of teleportation {@r4}
 n - a scroll of fog {unknown}
 r - 2 scrolls of identify {@r1}
 t - a scroll of immolation {unknown}
 x - a scroll of enchant weapon {unknown}
 y - a scroll of blinking {unknown}
 z - a scroll of remove curse {@r2}
Potions
 g - 3 potions of flight
 o - a potion of heal wounds {unknown}
 q - 3 potions of curing {@q1}
 s - a potion of invisibility {unknown}
 w - a potion of brilliance {unknown}
Books
 v - a book of Callings

   Spells                             Type                      Level
   a - Summon Small Mammal            Summoning                    1
   b - Call Imp                       Summoning                    2
   c - Call Canine Familiar           Summoning                    3
   d - Summon Guardian Golem          Hexes/Summoning              3
   e - Summon Lightning Spire         Summoning/Air                4
   f - Summon Ice Beast               Ice/Summoning                4
Comestibles
 f - 4 bread rations {@e1}
 k - 3 chunks of flesh
 p - 3 meat rations {@e1}
 u - 4 fruits {@e2}

Dungeon Overview and Level Annotations

Branches:
Dungeon (8/15)
 Temple: D:4-7         Lair: D:8-11

Altars:
Dithmenos
Kikubaaqudgha
Vehumet
Yredelemnul

Annotations:
D:4 ThereIsNoGod's ghost, novice TrFi

####............................
.......<.....##........###......
..........(..##........# #......
.....#+###.####........# #......
.... #.# #........# #...... ...
#.# #........# #...... .. #.#
###.###### #...... . .# ###.#
#...... #@#.# #...... #o#.#
#...... #.#.# #...... #.#.#
##.#### #.#.# #.#### ..#.#
#..... ### #.#### ###


You could see an orc warrior.


Message History

The orc warrior is severely wounded.
The orc warrior completely misses you.
You hit the orc warrior.
The orc warrior is almost dead.
The orc warrior hits you with a hand axe of freezing.
* * * LOW HITPOINT WARNING * * *
The orc warrior freezes you.
* * * LOW HITPOINT WARNING * * *
Unknown command.
You hit the orc warrior.
The orc warrior is almost dead.
The orc warrior hits you with a hand axe of freezing!
* * * LOW HITPOINT WARNING * * *
The orc warrior freezes you.
* * * LOW HITPOINT WARNING * * *
You barely miss the orc warrior.
The orc warrior is almost dead.
The orc warrior hits you with a hand axe of freezing.
* * * LOW HITPOINT WARNING * * *
The orc warrior freezes you.
* * * LOW HITPOINT WARNING * * *
You hit the orc warrior but do no damage.
The orc warrior is almost dead.
You block the orc warrior's attack.
You barely miss the orc warrior.
The orc warrior is almost dead.
The orc warrior hits you with a hand axe of freezing!
* * * LOW HITPOINT WARNING * * *
The orc warrior freezes you.
You die...

Skill      XL: |  1  2  3  4  5  6  7  8 |
---------------+-------------------------+-----
Polearms       | 4 5 6 7 8 |  8.3
Dodging        | 1 2 3 4 6 |  6.6
Stealth        | 1 |  1.0
Fighting       | 4 5 6 |  6.9
Armour         | 3 4 |  4.6
Shields        | |  3.0

Action                   |  1- 3 |  4- 6 |  7- 9 || total
-------------------------+-------+-------+-------++-------
Melee: Trident           |   137 |   108 |   258 ||   503
  Use: Scroll            |     6 |       |     2 ||     8
       Potion            |       |     3 |     3 ||     6
  Eat: Chunk             |     1 |     3 |     9 ||    13
Armor: Scale mail        |    58 |    52 |    29 ||   139
       Skin              |       |       |    23 ||    23
Dodge: Dodged            |    32 |    41 |   111 ||   184
Block: Shield            |    58 |    61 |    97 ||   216

Vault maps used:
D:1:      sevenhm_arrival_forest_fort_large_1
D:2:      vehumet_crystals, lemuel_round_altar, first_bread,
          chequers_ecumenical_altar_simple
D:3:      yredelemnul_altar_generic, uniq_robin, uniq_sigmund, uniq_grinder,
          uniq_ijyb
D:4:      uniq_edmund, uniq_blork_the_orc
D:5:      cheibrodos_two_vegetables, uniq_duvessa
D:7:      fedhas_altar_4, lemuel_doored_altar,
          minmay_temple_entry_statues_fountains, the_bakery, lightli_orcish_oven
D:8:      serial_curves, eino_curves_01, eino_curves_03

Notes
Turn   | Place    | Note
-------+----------+-------------------------------------------
     0 | D:1      | Jazqa the Merfolk Fighter began the quest for the Orb.
     0 | D:1      | Reached XP level 1. HP: 18/18 MP: 1/1
   106 | D:1      | Reached XP level 2. HP: 20/24 MP: 2/2
   336 | D:1      | Reached skill level 4 in Polearms
   336 | D:1      | Reached XP level 3. HP: 21/30 MP: 3/3
   546 | D:2      | Found a faded altar of an unknown god.
   570 | D:2      | Became a worshipper of Dithmenos the Shadowed
   570 | D:2      | Reached * piety under Dithmenos
   766 | D:2      | Found an ancient bone altar of Kikubaaqudgha.
   903 | D:2      | Reached skill level 1 in Dodging
   970 | D:2      | Found a radiant altar of Vehumet.
  1214 | D:2      | Reached skill level 1 in Stealth
  1214 | D:2      | Reached XP level 4. HP: 21/37 MP: 4/4
  1217 | D:2      | Reached skill level 4 in Fighting
  1423 | D:2      | HP: 3/37 [frilled lizard (3)]
  1734 | D:3      | Noticed Robin
  1734 | D:3      | Noticed Sigmund
  1779 | D:2      | Killed Robin
  1800 | D:2      | Reached skill level 2 in Dodging
  1927 | D:2      | Reached XP level 5. HP: 32/42 MP: 5/5
  1978 | D:3      | Reached ** piety under Dithmenos
  1988 | D:3      | Killed Sigmund
  1988 | D:3      | Reached skill level 5 in Polearms
  1988 | D:3      | Reached skill level 3 in Armour
  1988 | D:3      | Reached skill level 3 in Dodging
  1988 | D:3      | Reached XP level 6. HP: 39/50 MP: 6/6
  2042 | D:3      | Noticed Grinder
  2055 | D:3      | HP: 5/50 [Grinder (5)]
  2065 | D:3      | Killed Grinder
  2065 | D:3      | Reached skill level 5 in Fighting
  2065 | D:3      | Reached skill level 6 in Polearms
  2065 | D:3      | Reached skill level 4 in Dodging
  2065 | D:3      | Reached XP level 7. HP: 17/56 MP: 7/7
  2512 | D:3      | Noticed Ijyb
  2531 | D:3      | Paralysed by Ijyb for 7 turns
  2545 | D:3      | Killed Ijyb
  2785 | D:3      | Found a basalt altar of Yredelemnul.
  3307 | D:4      | Noticed Edmund
  3325 | D:4      | Killed Edmund
  3437 | D:4      | Noticed Blork the orc
  3467 | D:4      | Killed Blork the orc
  3756 | D:4      | Noticed ThereIsNoGod's ghost (novice TrFi)
  4463 | D:5      | Entered Level 5 of the Dungeon
  4650 | D:5      | You fall through a shaft for 3 floors!
  4679 | D:8      | Noticed a two-headed ogre
  4713 | D:8      | Killed a two-headed ogre
  4713 | D:8      | Reached skill level 6 in Fighting
  4713 | D:8      | Reached skill level 7 in Polearms
  4713 | D:8      | Reached skill level 4 in Armour
  4713 | D:8      | Reached skill level 6 in Dodging
  4713 | D:8      | Reached XP level 8. HP: 60/65 MP: 6/8
  4716 | D:8      | Reached skill level 8 in Polearms
  4769 | D:8      | Noticed a two-headed ogre
  4805 | D:8      | HP: 1/65 [orc warrior/hand axe of freezing (7)]
  4805 | D:8      | Slain by an orc warrior

Vanquished Creatures
  A two-headed ogre (D:8)
  Grinder (D:3)
  Sigmund (D:3)
  Edmund (D:4)
  An ice beast (D:8)
  A bullfrog (D:8)
  Blork the orc (D:4)
  A scorpion (D:8)
  An orc priest (D:3)
  Ijyb (D:3)
  Robin (D:2)
  3 adders
  4 gnolls (D:2)
  An ooze (D:1)
  An adder zombie (D:8)
  2 worms
  A dart slug (D:3)
  6 leopard geckos
  5 orcs (D:3)
  2 giant cockroaches
  16 goblins
  11 hobgoblins
  4 jackals (D:1)
  A quokka (D:4)
  A ball python (D:1)
  4 bats
  7 frilled lizards
  3 kobolds
  11 rats
94 creatures vanquished.
